Map: Orbital Shipyard

Players

PSiArcYanmoo (PSiArc) - Winner!

  • Race: Terran Terran
  • League: Grandmaster

ILLBdA

  • Race: Protoss Protoss
  • League: Diamond

VOD

Have the link to the VOD?

Description

Time

  • Played on: Dec. 20, 2015, 6:43 a.m.
  • Length: 5:43
Show
View Real Time Build Order
Export as new Build Order

PSiArcYanmoo Terran - Winner!

Build Orders:  

Get SALT Encoding   

  12  0:00  SCV  
  13  0:13  SCV  
  14  0:17  Supply Depot  
  14  0:25  SCV  
  15  0:39  SCV  
  15  0:41  Barracks  
  16  0:46  Refinery  
  16  0:51  SCV  
  17  1:03  SCV  
  18  1:15  SCV  
  19  1:23  Barracks  
  19  1:29  Barracks, Marine  
  21  1:35  Bunker  
  20  1:43  Supply Depot  
  20  1:48  Marine  
  21  2:06  Marine  
  22  2:12  Marine  
  23  2:16  Orbital Command  
  23  2:36  Bunker  
  23  2:37  Supply Depot  
  23  2:50  Factory  
  23  2:54  Marine  
  23  2:55  Marine  
  23  2:56  Marine  
  26  3:02  Refinery  
  26  3:07  SCV  
  27  3:19  SCV  
  28  3:20  Barracks Tech Lab  
  28  3:21  Marine x2  
  30  3:31  SCV  
  30  3:32  Supply Depot  
  31  3:40  Starport  
  31  3:53  Siege Tank  
  34  4:03  SCV  
  34  4:06  Barracks Tech Lab  
  34  4:09  Marine x2  
  37  4:16  Supply Depot  
  37  4:20  Medivac  
  39  4:25  SCV  
  40  4:39  Marine x2  
  42  4:51  Siege Tank  
  45  4:55  Supply Depot  
  45  5:03  Marine x2  
  46  5:11  SCV  
  46  5:13  Marine  
  50  5:22  Supply Depot, Marine  
  50  5:23  Marine  
Show
View Real Time Build Order
Export as new Build Order

ILLBdA Protoss 

Build Orders: Cannon Rush 

Get SALT Encoding   

  12  0:01  Probe (Chrono Boost)  
  13  0:11  Probe (Chrono Boost)  
  14  0:17  Pylon  
  14  0:22  Probe (Chrono Boost)  
  15  0:36  Probe (Chrono Boost)  
  15  0:38  Forge  
  16  0:46  Probe (Chrono Boost)  
  18  0:57  Probe (Chrono Boost)  
  18  1:07  Probe (Chrono Boost)  
  18  1:11  Pylon  
  19  1:13  Pylon x2  
  19  1:22  Pylon  
  19  1:34  Photon Cannon  
  18  1:47  Photon Cannon  
  18  1:50  Photon Cannon  
  17  2:00  Photon Cannon  
  17  2:02  Photon Cannon  
  17  2:09  Photon Cannon  
  17  2:11  Probe (Chrono Boost)  
  18  2:17  Photon Cannon  
  18  2:25  Pylon  
  18  2:27  Probe (Chrono Boost)  
  19  2:35  Gateway  
  19  2:39  Assimilator  
  19  2:42  Assimilator  
  19  2:54  Photon Cannon  
  19  2:56  Probe (Chrono Boost)  
  20  3:07  Probe (Chrono Boost)  
  21  3:18  Probe (Chrono Boost)  
  22  3:24  Cybernetics Core, Zealot (Chrono Boost)  
  24  3:31  Probe  
  25  3:43  Gateway  
  26  4:00  Mothership Core  
  29  4:02  Adept (Chrono Boost)  
  29  4:22  Robotics Facility  
  29  4:26  Adept (Chrono Boost)  
  33  4:34  Adept (Chrono Boost)  
  31  4:49  Adept (Chrono Boost)  
  31  4:59  Adept (Chrono Boost)  
  31  5:13  Adept  
Tags
 
Add a new tag
Caveats
  • Supply blocks, unpowered buildings, or Contaminate may cause inaccurate times.
  • Supply counts are checked every 10 seconds.